 Dungeon Crawl Stone Soup version 0.17.1-3-g152610e (webtiles) character file.

914 Goblin1989 the Martial Artist (level 8, 0/39 HPs)
             Began as a Vine Stalker Monk on Feb 25, 2016.
             Was a Believer of Elyvilon.
             Killed by divine providence
             ... invoked by an orc priest
              (11 damage)
             ... on level 6 of the Dungeon on Feb 27, 2016.
             The game lasted 00:11:59 (4213 turns).

Goblin1989 the Martial Artist (Vine Stalker Monk)   Turns: 4213, Time: 00:11:59

Health: 0/39       AC:  6    Str: 16    XL:     8   Next: 9%
Magic:  0/11       EV: 12    Int: 10    God:    Elyvilon [**....]
Gold:   184        SH:  0    Dex: 17    Spells: 0 memorised, 7 levels left

rFire  + . .     SeeInvis .       - Unarmed
rCold  x . .     Clarity  .     t - +0 ring mail
rNeg   + . .     SustAt   .     (no shield)
rPois  .         Gourm    .     y - +0 helmet
rElec  .         Spirit   +     (no cloak)
rCorr  .         Warding  +     (no gloves)
rMut   .         Stasis   .     (no boots)
MR     +....                    j - amulet of warding
Stlth  ++........               (no ring)
                                g - ring of fire

@: lethally poisoned (0 -> -1), somewhat resistant to hostile enchantments,
unstealthy
A: fangs 3, regeneration 2, magic shield, antimagic bite, no device heal 3, rot
immunity
a: Lesser Healing, Heal Other, Divine Protection, Renounce Religion


You were on level 6 of the Dungeon.
You worshipped Elyvilon.
Elyvilon was pleased with you.
You were not hungry.

You visited 2 branches of the dungeon, and saw 7 of its levels.

You collected 184 gold pieces.

Inventory:

Armour
 t - a +0 ring mail (worn)
 y - a +0 helmet (worn)
Jewellery
 g - a ring of fire (left hand)
 j - an amulet of warding (around neck)
Wands
 B - a wand of draining (5)
Scrolls
 a - a scroll of random uselessness {unknown}
 e - 6 scrolls of identify {unknown}
 h - a scroll of magic mapping
 n - a scroll of noise {unknown}
 o - a scroll of amnesia
 q - a scroll of remove curse
 r - a scroll of immolation {unknown}
 v - a scroll of fog {unknown}
 x - 2 scrolls of teleportation {unknown}
 A - a scroll of fear {unknown}
Potions
 c - a potion of brilliance {unknown}
 d - a potion of might {unknown}
 i - a potion of lignification {unknown}
 k - a potion of poison {unknown}
 l - 2 potions of heal wounds
 m - a potion of haste
 z - 2 potions of curing
Comestibles
 b - 4 bread rations
 f - 2 meat rations
 p - a beef jerky
 s - 4 fruits
 u - a chunk of flesh
 w - a slice of pizza


   Skills:
 - Level 2.6 Fighting
 - Level 2.4 Dodging
 - Level 2.4 Stealth
 * Level 9.3 Unarmed Combat
 + Level 3.0 Invocations


You had 7 spell levels left.
You didn't know any spells.

Dungeon Overview and Level Annotations

Branches:
Dungeon (6/15)             Temple (1/1) D:5

Altars:
Ashenzari
Dithmenos
Elyvilon
Fedhas
Kikubaaqudgha
Makhleb
Nemelex Xobeh
Ru
Sif Muna
Trog
Xom
Yredelemnul

Annotations:
D:5 2 runed doors


Innate Abilities, Weirdness & Mutations

You have razor-sharp teeth.
You heal very quickly.
When hurt, damage is shared between your health and your magic reserves.
Your bite disrupts and absorbs the magic of your enemies.
Potions and wands cannot restore your health.
You are immune to rotting.


Message History

You feel sick.
The orc priest casts a cantrip, but nothing happens.
You punch the orc!
You kill the orc!
You hit the orc.
The orc is heavily wounded.
You feel sick. The orc closely misses you.
You punch the orc!
You kill the orc!
The orc priest calls down the wrath of Beogh upon you.
Pain shoots through your body!
The orc priest calls down the wrath of Beogh upon you.
You resist with significant effort.
The ogre hits you with a giant spiked club!
* * * LOW HITPOINT WARNING * * *
Items here: )) †† a dagger; a flail; an orc corpse; an orc corpse The orc priest calls down the wrath of Beogh upon you.
Something smites you!
You die...

!...#
...# ..#
#.#
#<###
#...###
###...#
###$# .
#@# ...
#)##...#
#oO...#
#†)..%##
.....###
....##..
)...##
##. ....
.) ...
.#


You could see an ogre and an orc priest.

Vanquished Creatures
  2 slaves (D:4)
  A sky beast (D:6)
  An ice beast (D:5)
  2 scorpions
  An orc priest (D:5)
  A giant frog skeleton (D:4)
  5 orc wizards
  5 worker ants
  Jessica (D:3)
  2 iguanas (D:5)
  2 adders
  6 gnolls
  A shadow imp (D:5)
  3 oozes
  5 worms
  An adder skeleton (D:3)
  3 giant geckos
  17 orcs
  10 bats
  5 giant cockroaches
  8 goblins
  9 hobgoblins
  4 jackals (D:5)
  11 kobolds
  4 giant newts
  3 quokkas
  10 rats
123 creatures vanquished.

Notes
Turn   | Place    | Note
--------------------------------------------------------------
     0 | D:1      | Goblin1989 the Vine Stalker Monk began the quest for the Orb.
     0 | D:1      | Reached XP level 1. HP: 11/11 MP: 2/2
   138 | D:1      | Reached XP level 2. HP: 13/16 MP: 3/3
   700 | D:2      | Reached XP level 3. HP: 16/19 MP: 4/4
   773 | D:2      | Reached skill level 5 in Unarmed Combat
  1156 | D:2      | Reached XP level 4. HP: 20/23 MP: 5/5
  1660 | D:3      | Noticed Jessica
  1666 | D:3      | Killed Jessica
  1669 | D:3      | Reached skill level 6 in Unarmed Combat
  1891 | D:3      | Reached XP level 5. HP: 27/27 MP: 6/6
  2429 | D:4      | HP: 1/27 [worker ant (5)]
  2610 | D:4      | Reached skill level 7 in Unarmed Combat
  2610 | D:4      | Gained mutation: You heal very quickly. [Vine Stalker growth]
  2610 | D:4      | Reached XP level 6. HP: 21/32 MP: 4/7
  2735 | D:4      | Noticed a slave
  2736 | D:4      | Noticed a slave
  2754 | D:4      | Killed a slave
  2790 | D:4      | Killed a slave
  3273 | D:5      | Entered Level 5 of the Dungeon
  3502 | D:5      | Found a staircase to the Ecumenical Temple.
  3508 | Temple   | Entered the Ecumenical Temple
  3528 | Temple   | Became a worshipper of Elyvilon the Healer
  3528 | Temple   | Reached * piety under Elyvilon
  3528 | Temple   | Reached ** piety under Elyvilon
  3569 | D:5      | Reached skill level 8 in Unarmed Combat
  3575 | D:5      | Reached XP level 7. HP: 16/35 MP: 5/8
  3616 | D:5      | Found a runed door.
  3626 | D:5      | Reached skill level 1 in Invocations
  3633 | D:5      | Found a runed door.
  4193 | D:6      | Reached skill level 9 in Unarmed Combat
  4193 | D:6      | Gained mutation: You have razor-sharp teeth. [Vine Stalker growth]
  4193 | D:6      | Reached XP level 8. HP: 33/39 MP: 7/11
  4213 | D:6      | Killed from afar by an orc priest

Action                   |  1- 3 |  4- 6 |  7- 9 || total
-------------------------+-------+-------+-------++-------
Melee: Unarmed           |   139 |   236 |    53 ||   428
  Use: Potion            |       |     3 |       ||     3
       Scroll            |       |     3 |       ||     3
 Stab: Sleeping          |     6 |    12 |     1 ||    19
  Eat: Chunk             |       |     8 |     3 ||    11
